 Dungeon Crawl Stone Soup version 0.28-a0-199-g298df9dbad (webtiles) character file.

Game seed: 8837770255764646797

23585 timneilson the Protected (level 13, -20/80 HPs)
             Began as a Gargoyle Fighter on Aug 19, 2021.
             Was a High Priest of Okawaru.
             Demolished by a white ugly thing (25 damage)
             ... on level 13 of the Dungeon.
             The game lasted 00:30:24 (10682 turns).

timneilson the Protected (Gargoyle Fighter)        Turns: 10682, Time: 00:30:25

Health: -20/80     AC: 38    Str: 32    XL:     13   Next: 7%
Magic:  18/18      EV:  5    Int:  8    God:    Okawaru [*****.]
Gold:   2770       SH: 18    Dex:  9    Spells: 12/12 levels left

rFire   . . .      SeeInvis .   p - +9 double sword of Lonootuc {vorpal, +Rage rPois Str+6}
rCold   . . .      Faith    .   H - +2 tower shield {AC+3}
rNeg    + + .      Spirit   .   x - +0 plate armour
rPois   ∞          Reflect  .   (no helmet)
rElec   +          Harm     .   K - +0 cloak of Too Many Cooks {rN+}
rCorr   +          Rampage  .   u - +0 pair of gloves
Will    .....                   c - +2 pair of boots of Quxec {+Inv rPois rCorr}
Stlth   ..........              o - amulet of regeneration
HPRegen 1.23/turn               a - +4 ring of protection
MPRegen 0.16/turn               b - +4 ring of slaying

@: no status effects
A: sickness immunity, AC +9, negative energy resistance 1, electricity
resistance, torment resistance 1, petrification resistance
a: Renounce Religion, Evoke Berserk Rage, Evoke Invisibility, Heroism, Finesse,
Duel


You were on level 13 of the Dungeon.
You worshipped Okawaru.
Okawaru was extremely pleased with you.
You visited 2 branches of the dungeon, and saw 14 of its levels.
You also visited: Bailey and Gauntlet.

You collected 3862 gold pieces.
You spent 1092 gold pieces at shops.

Inventory:

Hand Weapons
 p - the +9 double sword of Lonootuc (weapon) {vorpal, +Rage rPois Str+6}
   (You took it off a minotaur in a Gauntlet)

   It inflicts extra damage upon your enemies.
   Str:       It affects your strength (+6).
   rPois:     It protects you from poison.
   +Rage:     It lets you go berserk.
 t - a +0 scimitar
 v - a +2 scimitar of flaming
 y - the +5 long sword of Okawaru's Approval {flame, Fly rF+ Will+ Int+4}
   (Okawaru gifted it to you on level 9 of the Dungeon)

   It burns those it strikes, dealing additional fire damage.
   Big, fiery blades are also staple armaments of hydra-hunters.
   Int:       It affects your intelligence (+4).
   rF:        It protects you from fire.
   Fly:       It grants you flight.
   Will:      It increases your willpower.
Armour
 c - the +2 pair of boots of Quxec (worn) {+Inv rPois rCorr}
   (Okawaru gifted it to you on level 12 of the Dungeon)

   rPois:     It protects you from poison.
   +Inv:      It lets you turn invisible.
   rCorr:     It protects you from acid and corrosion.
 u - a +0 pair of gloves (worn)
 x - a +0 plate armour (worn)
 H - a +2 tower shield of protection (worn)
 K - the +0 cloak of Too Many Cooks (worn) {rN+}
   (You found it in a Gauntlet)

   rN:        It protects you from negative energy.
Jewellery
 a - a +4 ring of protection (left hand)
 b - a +4 ring of slaying (right hand)
 g - a ring of see invisible
 o - an amulet of regeneration (around neck)
 s - a ring of willpower
 C - a ring of positive energy
 L - an amulet of the acrobat
Wands
 d - a wand of polymorph (10)
 r - a wand of paralysis (27)
 D - a wand of mindburst (13)
Scrolls
 k - 5 scrolls of teleportation
 n - 5 scrolls of enchant weapon
 q - 2 scrolls of identify
 z - 3 scrolls of blinking
 B - a scroll of magic mapping
 G - a scroll of brand weapon {unknown}
Potions
 e - 2 potions of flight
 f - 3 potions of heal wounds
 h - 2 potions of cancellation
 i - 5 potions of lignification
 j - a potion of mutation
 l - a potion of might
 m - 7 potions of curing
 w - 2 potions of resistance
 E - a potion of magic
 F - 2 potions of haste
Miscellaneous
 A - a lightning rod (4/4)
 I - a condenser vane
 J - a tin of tremorstones (2/2)


   Skills:
 + Level 9.0 Fighting
 * Level 10.1 Long Blades
 * Level 12.0 Armour
 * Level 12.0 Shields
 + Level 6.9 Invocations
 + Level 4.6 Evocations


You had 12 spell levels left.
You didn't know any spells.
Your spell library contained the following spells:

 Spells                   Type           Power      Damage    Failure   Level
 Corona                   Hex            0%         N/A       100%        1
 Magic Dart               Conj           0%         1d3       100%        1
 Shock                    Conj/Air       0%         1d3       100%        1
 Ensorcelled Hibernation  Hex/Ice        0%         N/A       100%        2
 Searing Ray              Conj           0%         3d3       100%        2
 Slow                     Hex            0%         N/A       100%        2
 Static Discharge         Conj/Air       0%         N/A       100%        2
 Confusing Touch          Hex            0%         N/A       100%        3
 Ignite Poison            Fire/Tmut/Pois 0%         N/A       100%        3
 Spider Form              Tmut/Pois      0%         N/A       100%        3
 Swiftness                Air            0%         N/A       100%        3
 Vampiric Draining        Necr           0%         2d6       100%        3
 Airstrike                Air            0%         N/A       100%        4
 Fulminant Prism          Conj/Hex       0%         3d6       100%        4
 Olgreb's Toxic Radiance  Pois           0%         N/A       100%        4
 Blade Hands              Tmut           0%         N/A       100%        5
 Irradiate                Conj/Tmut      0%         3d13      100%        5
 Lightning Bolt           Conj/Air       0%         1d11      100%        5
 Eringya's Noxious Bog    Tmut/Pois      0%         N/A       100%        6
 Dragon Form              Tmut           0%         N/A       100%        7
 Ozocubu's Refrigeration  Ice            0%         4d5       100%        7
 Ignition                 Fire           0%         3d3       100%        8
 Maxwell's Capacitive Co  Air            0%         ∞         100%        8
 Tukima's Dance           Hex            Unusable   N/A       N/A         3
 Malign Gateway           Summ/Tloc      Unusable   N/A       N/A         7
 Summon Horrible Things   Summ           Unusable   N/A       N/A         8

Dungeon Overview and Level Annotations

Branches:
Dungeon (13/15)            Temple (1/1) D:5            Lair (0/6) D:8
    Orc (0/2) D:11         Bailey (visited)         Gauntlet (visited)
 Vaults: D:13-14

Altars:
Ashenzari
Cheibriados
Dithmenos
Elyvilon
Fedhas
Gozag
Hepliaklqana
Kikubaaqudgha
Makhleb
Nemelex Xobeh
Okawaru
Qazlal
Ru
Sif Muna
Trog
Uskayaw
Vehumet
Wu Jian
Xom
Yredelemnul
Zin
The Shining One

Shops:
D:6 =   D:12 ?![[

Portals:
Abyss: D:8

Annotations:
D:8 2 transporters, Jamsdnucbuo's ghost, novice DsIE


Innate Abilities, Weirdness & Mutations

You are immune to sickness and miasma.
Your stone body is resilient. (AC +9)
You are immune to poison.
You resist negative energy. (rN+)
You are resistant to electric shocks. (rElec)
You are resistant to unholy torment.
You are immune to petrification.


Message History

No target in view!
No target in view!
No target in view!
No target in view!
No target in view!
No target in view!
No target in view!
No target in view!
You see here a komodo dragon corpse.
You see here a komodo dragon corpse.
m - 7 potions of curing (gained 1)
You now have 2749 gold pieces (gained 3).
You enter the shallow water.
Moving in this stuff is going to be slow.
You now have 2770 gold pieces (gained 21).
L - an amulet of the acrobat You enter the shallow water.
Moving in this stuff is going to be slow.
Found a stone staircase leading up.
You open the door.
There is an open door here.
There is an open door here.
You enter the shallow water.
Moving in this stuff is going to be slow.
Found a helmet.
n - 5 scrolls of enchant weapon (gained 1)
A white ugly thing comes into view.
The white ugly thing gurgles horribly!
You completely miss the white ugly thing.
The white ugly thing kicks you. The white ugly thing freezes you!!
You closely miss the white ugly thing.
The white ugly thing kicks you but does no damage.
You slash the white ugly thing!
The white ugly thing is moderately wounded.
The white ugly thing kicks you! The white ugly thing freezes you!!
* * * LOW HITPOINT WARNING * * *
The white ugly thing kicks you.
* * * LOW HITPOINT WARNING * * *
The white ugly thing freezes you!!
You die...

#####.# ###.#≈≈#..≈...≈.
#########.....######.#####..≈..≈.
.......................# #####..#
###.........#.#####.#.# #..#
#.....#####.# #.#.# #... #.....#
#.. #.#.# ##.. ####....^#
#.####.#.# ###### .........#
#........# ...... ##.......#
#.@###.### ###### #.†......# #.u#
#.# # ...≈≈....# #..# #.# #
...≈....## #... #.# # #.≈≈....#
#.#. #.###### # ........# #.
..#......# # ........# #.
#.#......####### ######### #.
.#......+....≈. # #.......#≈..≈.


You could see a white ugly thing.

Vanquished Creatures
  A minotaur (Gauntlet)
  2 boulder beetles
  4 hydras
  2 two-headed ogres
  A tengu warrior (D:9)
  2 wizards (Gauntlet)
  Pikel (D:5)
  An ugly thing (D:9)
  A deep elf pyromancer (D:9)
  A manticore (D:11)
  A cyclops (D:9)
  A gargoyle (D:13)
  A komodo dragon (D:13)
  An efreet (D:9)
  3 trolls
  A tengu conjurer (D:9)
  Grinder (D:4)
  13 slime creatures
  A dream sheep (shapeshifter) (Gauntlet)
  2 water elementals (D:12)
  4 wraiths
  2 shadows
  2 wyverns
  5 yaks
  A steam dragon (D:7)
  A human (shapeshifter) (Gauntlet)
  9 vampire mosquitoes
  A basilisk (D:12)
  Menkaure (D:5)
  A warg (shapeshifter) (Gauntlet)
  An acid dragon (D:9)
  3 black bears (D:8)
  A necrophage (D:4)
  8 orc warriors
  An ogre (D:7)
  8 centaurs
  A kobold brigand (D:8)
  A gnoll sergeant (D:5)
  5 scorpions
  5 bullfrogs
  2 elf skeletons (D:5)
  11 killer bees
  5 electric eels
  A howler monkey (D:11)
  10 wights
  3 bullfrog zombies (D:6)
  3 centaur zombies
  3 bullfrog skeletons
  2 human zombies (D:5)
  4 jellies
  4 orc priests
  A gnoll shaman (D:9)
  4 hounds
  Crazy Yiuf (D:5)
  4 iguanas
  8 orc wizards
  A scorpion zombie (D:5)
  4 howler monkey zombies
  15 gnolls
  A howler monkey skeleton (D:7)
  6 adders
  A shadow imp (Gauntlet)
  A white imp (Gauntlet)
  A worm (shapeshifter) (Gauntlet)
  A worm (D:3)
  31 orcs
  4 bats
  7 endoplasms
  3 giant cockroaches
  10 goblins
  7 hobgoblins
  6 kobolds
  2 quokkas (D:3)
  4 ball pythons
  3 frilled lizards (D:2)
  2 orc skeletons (D:5)
  4 rats
282 creatures vanquished.

Vanquished Creatures (others)
  An orc wizard (D:5)
  A shadow imp (Gauntlet)
  6 fungi (D:8)
  13 plants
21 creatures vanquished.

Grand Total: 303 creatures vanquished

Notes
Turn   | Place    | Note
-------+----------+-------------------------------------------
     0 | D:1      | timneilson the Gargoyle Fighter began the quest for the
                  | Orb.
     0 | D:1      | Reached XP level 1. HP: 14/14 MP: 1/1
   155 | D:1      | Noticed a floating eye
   159 | D:1      | Reached XP level 2. HP: 17/19 MP: 2/2
   159 | D:1      | Found a faded altar of an unknown god.
   160 | D:1      | Noticed a shining eye
   160 | D:1      | Noticed an eye of devastation
   160 | D:1      | Noticed a floating eye
   859 | D:2      | Reached XP level 3. HP: 23/23 MP: 3/3
  1817 | D:3      | Found a burning altar of Makhleb.
  1840 | D:3      | Found a hide-covered altar of Uskayaw.
  2205 | D:3      | Reached XP level 4. HP: 19/28 MP: 4/4
  2742 | D:4      | Found a basalt altar of Yredelemnul.
  2772 | D:4      | Noticed a necrophage
  2784 | D:4      | Killed a necrophage
  2785 | D:4      | Reached XP level 5. HP: 27/33 MP: 5/5
  2812 | D:4      | Found a white marble altar of Elyvilon.
  2890 | D:4      | Noticed Grinder
  2907 | D:4      | Paralysed by Grinder for 6 turns
  2921 | D:4      | Killed Grinder
  2922 | D:4      | Reached skill level 5 in Armour
  2922 | D:4      | Reached skill level 5 in Shields
  2922 | D:4      | Reached XP level 6. HP: 36/38 MP: 6/6
  3229 | D:5      | Entered Level 5 of the Dungeon
  3267 | D:5      | Reached XP level 7. HP: 44/44 MP: 7/7
  3294 | D:5      | Noticed Menkaure
  3302 | D:5      | Killed Menkaure
  3537 | D:5      | Reached XP level 8. HP: 48/48 MP: 8/8
  3713 | D:5      | Reached skill level 5 in Fighting
  3738 | D:5      | Reached skill level 5 in Long Blades
  3924 | D:5      | Found a staircase to the Ecumenical Temple.
  3931 | Temple   | Entered the Ecumenical Temple
  4031 | Temple   | Became a worshipper of Warmaster Okawaru
  4276 | D:5      | Found a runed translucent door.
  4276 | D:5      | Noticed Pikel
  4278 | D:5      | Noticed Crazy Yiuf
  4290 | D:5      | Killed Pikel
  4290 | D:5      | Reached * piety under Okawaru
  4291 | D:5      | Reached skill level 1 in Invocations
  4291 | D:5      | Reached XP level 9. HP: 38/55 MP: 8/10
  4296 | D:5      | Killed Crazy Yiuf
  4557 | D:6      | Found a radiant altar of Vehumet.
  4914 | D:6      | Reached ** piety under Okawaru
  5024 | D:6      | Found Celioshraso's Jewellery Emporium.
  5119 | D:6      | Identified a scroll of acquirement
  5119 | D:6      | Acquired 1121 gold pieces
  5142 | D:6      | Bought a +4 ring of slaying for 1092 gold pieces
  5985 | D:8      | Noticed Jamsdnucbuo's ghost (novice DsIE)
  5991 | D:8      | Found a one-way gate to the infinite horrors of the Abyss.
  6011 | D:8      | Found a transporter.
  6042 | D:8      | Found a transporter.
  6080 | D:8      | Reached XP level 10. HP: 61/61 MP: 12/12
  6102 | D:8      | Reached *** piety under Okawaru
  6148 | D:8      | Noticed a two-headed ogre
  6162 | D:8      | Killed a two-headed ogre
  6181 | D:8      | Found a staircase to the Lair.
  6278 | D:8      | Identified the +1 leather armour of Mogiw {rElec}
  6330 | D:8      | Got the Guide on Envenoming
  6408 | D:8      | Reached **** piety under Okawaru
  6526 | D:8      | Found an ancient bone altar of Kikubaaqudgha.
  6845 | D:9      | Found a flagged portal.
  6868 | Bailey   | Entered a bailey
  6920 | Bailey   | Found an iron altar of Okawaru.
  6989 | D:9      | Reached skill level 1 in Evocations
  7521 | D:9      | Reached XP level 11. HP: 56/67 MP: 14/14
  7575 | D:9      | Noticed a green ugly thing
  7575 | D:9      | Noticed a cyclops
  7591 | D:9      | Killed a cyclops
  7594 | D:9      | Reached ***** piety under Okawaru
  7595 | D:9      | Reached skill level 10 in Armour
  7600 | D:9      | Noticed a deep elf pyromancer
  7601 | D:9      | Noticed a five-headed hydra
  7609 | D:9      | Killed a two-headed hydra
  7609 | D:9      | Identified the +5 long sword of Okawaru's Approval {flame,
                  | Fly rF+ Will+ Int+4} (Okawaru gifted it to you on level 9
                  | of the Dungeon)
  7609 | D:9      | Received a gift from Okawaru
  7610 | D:9      | Reached skill level 10 in Shields
  7617 | D:9      | Killed a deep elf pyromancer
  7618 | D:9      | Reached skill level 5 in Invocations
  7632 | D:9      | Noticed a boulder beetle
  7633 | D:9      | Killed a green ugly thing
  7651 | D:9      | Noticed a tengu warrior
  7671 | D:9      | Killed a boulder beetle
  7675 | D:9      | Killed a tengu warrior
  7690 | D:9      | Found the +7 great mace "Undeadhunter" {disrupt, rN+}
  7698 | D:9      | Identified the +4 robe of Imperfection {+Blink rPois MP+9}
  7974 | D:10     | Entered Level 10 of the Dungeon
  8137 | D:10     | Noticed a boulder beetle
  8172 | D:10     | Killed a boulder beetle
  8172 | D:10     | Received a gift from Okawaru
  8356 | D:10     | Reached XP level 12. HP: 68/73 MP: 16/16
  8536 | D:11     | Found a gate leading to a gauntlet.
  8546 | Gauntlet | Entered a Gauntlet
  8546 | Gauntlet | Found a transporter.
  8546 | Gauntlet | Found a transporter.
  8546 | Gauntlet | Found a transporter.
  8546 | Gauntlet | Found a transporter.
  8546 | Gauntlet | Noticed a death scarab
  8550 | Gauntlet | Found a transporter.
  8552 | Gauntlet | Found a large runed translucent door.
  8553 | Gauntlet | Found a large runed translucent door.
  8554 | Gauntlet | Found a large runed translucent door.
  8554 | Gauntlet | Found a large runed translucent door.
  8554 | Gauntlet | Found a runed translucent door.
  8555 | Gauntlet | Found a large runed translucent door.
  8556 | Gauntlet | Found a large runed translucent door.
  8557 | Gauntlet | Found a large runed translucent door.
  8557 | Gauntlet | Found a large runed translucent door.
  8563 | Gauntlet | Found a runed translucent gate.
  8563 | Gauntlet | Noticed a shock serpent
  8563 | Gauntlet | a glowing orange brain changed into a shock serpent
  8564 | Gauntlet | Found a runed translucent gate.
  8565 | Gauntlet | Found a transporter.
  8565 | Gauntlet | Noticed an anaconda
  8565 | Gauntlet | a shock serpent changed into an anaconda
  8566 | Gauntlet | Noticed a boulder beetle
  8566 | Gauntlet | an anaconda changed into a boulder beetle
  8569 | Gauntlet | Found a transporter.
  8574 | Gauntlet | Noticed an anaconda
  8574 | Gauntlet | a boulder beetle changed into an anaconda
  8587 | Gauntlet | an anaconda changed into a torpor snail
  8630 | Gauntlet | Found a transporter.
  8645 | Gauntlet | Found a transporter.
  8655 | Gauntlet | Found a transporter.
  8668 | Gauntlet | Found a transporter.
  8683 | Gauntlet | Found a transporter.
  8685 | Gauntlet | Found a large runed translucent door.
  8686 | Gauntlet | Found a large runed translucent door.
  8687 | Gauntlet | Found a large runed translucent door.
  8687 | Gauntlet | Found a large runed translucent door.
  8688 | Gauntlet | Found a large runed translucent door.
  8688 | Gauntlet | Found a large runed translucent door.
  8688 | Gauntlet | Found a runed translucent gate.
  8688 | Gauntlet | Found a runed translucent door.
  8689 | Gauntlet | Found a large runed translucent door.
  8690 | Gauntlet | Found a large runed translucent door.
  8828 | Gauntlet | Identified the +0 pair of boots "Hoedgh" {Dex+4}
  8881 | Gauntlet | Identified the amulet "Elofut" {RegenMP Int+4}
  8892 | Gauntlet | Identified the +9 double sword of Lonootuc {vorpal, +Rage
                  | rPois Str+6}
  8892 | Gauntlet | Identified the +4 ring mail of the Wumpus {*Corrode rF+++
                  | Str+9 Int-2}
  8892 | Gauntlet | Noticed a minotaur
  8924 | Gauntlet | Killed a minotaur
  8953 | Gauntlet | Identified the +0 cloak of Too Many Cooks {rN+}
  9171 | D:11     | Found a staircase to the Orcish Mines.
  9540 | D:12     | Noticed a four-headed hydra
  9565 | D:12     | Killed a one-headed hydra
  9565 | D:12     | Identified the +2 pair of boots of Quxec {+Inv rPois rCorr}
                  | (Okawaru gifted it to you on level 12 of the Dungeon)
  9565 | D:12     | Received a gift from Okawaru
  9777 | D:12     | Acquired 1055 gold pieces
  9791 | D:12     | Noticed a six-headed hydra
  9802 | D:12     | Killed a one-headed hydra
  9814 | D:12     | Found Ceewoco's Distillery.
  9816 | D:12     | Found Leidasir's Antique Armour Emporium.
  9819 | D:12     | Found Xywof's Antique Armour Emporium.
  9820 | D:12     | Found Bolueti's Magic Scroll Emporium.
  9943 | D:12     | Noticed a four-headed hydra
  9951 | D:12     | Killed a one-headed hydra
  9952 | D:12     | Noticed a two-headed ogre
  9967 | D:12     | Killed a two-headed ogre
 10340 | D:13     | Reached skill level 10 in Long Blades
 10348 | D:13     | Reached XP level 13. HP: 80/80 MP: 18/18
 10682 | D:13     | Demolished by a white ugly thing

Illustrated notes

Levels and vault maps discovered:
D:1:      lightli_arrival_quake, layout_rooms,
          hellmonk_ecumenical_altar_watching_god
D:2:      layout_loops_ring
D:3:      layout_loops_cross, mainiacjoe_overflow_big_doors
D:4:      layout_cave_pools, kennysheep_ying_yang, grunt_decor_clamped,
          chequers_serial_rivers_small_b, minivault_27, uniq_grinder
D:5:      layout_loops_ring, minmay_temple_entry_statues_pillars,
          nicolae_ossuary_entry_catacombs, kennysheep_diamond,
          uniq_crazy_yiuf_cottage, uniq_menkaure, uniq_pikel
D:6:      layout_basic, mainiacjoe_overflow_catwalk,
          minmay_shop_enchanted_jewellery, grunt_ministairs_9
D:7:      layout_loops_ring, amethyst_killhole, serial_bayou_lagoon_b
D:8:      layout_basic, marbit_many_paths, grunt_lair_entry_orc_guard_hut,
          serial_aquarium, aquarium_bridge_square [aquarium_subvault_wall,
          aquarium_subvault_bridge, aquarium_subvault_bridge,
          aquarium_subvault_balcony], aquarium_window_fake, aquarium_window_3,
          aquarium_window_1, aquarium_view_2d, aquarium_pool_2,
          gammafunk_ghost_abyssal_escape, kennysheep_just_a_vault
D:9:      minmay_the_grid_octo_triangle [minmay_the_grid_octo_clover_2,
          minmay_the_grid_octo_prize_square_snowflake,
          minmay_the_grid_octo_chip], layout_basic, enter_bailey_3,
          minmay_tree_intersection
D:10:     layout_cave_pools, minmay_misc_feat_roman, minmay_fountain_box,
          st_stairs_3
D:11:     layout_roguey, orc_david_3, gauntlet_entry_generic,
          nicolae_two_hexagons
D:12:     layout_basic, minmay_shop_grid_forest
D:13:     layout_basic, serial_rivers, chequers_serial_rivers_micro_d,
          chequers_serial_rivers_micro_c, chequers_serial_rivers_small_3,
          chequers_serial_rivers_small_3, item_on_display_a
Temple:   nicolae_temple_elliptical

Skill      XL: |  1  2  3  4  5  6  7  8  9 10 11 12 13 |
---------------+----------------------------------------+-----
Long Blades    | 2 3 4 5 6 7 9 10 | 10.1
Armour         | 4 5 6 7 8 9 10 11 12 | 12.0
Shields        | 4 5 6 7 8 9 10 11 12 | 12.0
Fighting       | 4 5 6 7 8 9 |  9.0
Invocations    | 1 3 4 5 6 |  6.9
Evocations     | 1 3 4 |  4.6

Action                   |  1- 3 |  4- 6 |  7- 9 | 10-12 | 13-15 || total
-------------------------+-------+-------+-------+-------+-------++-------
Melee: Long sword        |   108 |    85 |   413 |   190 |       ||   796
       Scimitar          |       |       |       |   246 |       ||   246
       Double sword      |       |       |       |   114 |    21 ||   135
Invok: Heroism           |       |       |       |    15 |       ||    15
       Finesse           |       |       |       |     2 |       ||     2
  Use: Scroll            |     6 |     3 |     5 |     9 |       ||    23
       Potion            |       |       |     2 |     2 |       ||     4
Armor: Scale mail        |    57 |     4 |       |       |       ||    61
       Chain mail        |       |    51 |   250 |    35 |       ||   336
       Plate armour      |       |       |       |   276 |    12 ||   288
Dodge: Dodged            |    31 |    18 |   108 |   124 |     2 ||   283
Block: Kite shield       |    51 |    37 |   203 |   255 |       ||   546
       Tower shield      |       |       |       |   162 |    23 ||   185
       Rpst.: Long sword |     9 |     6 |    34 |    13 |       ||    62
       Scimitar          |       |       |       |    18 |       ||    18
       Double sword      |       |       |       |     6 |     1 ||     7

Table legend: (Time is in decaauts)
 A = Elapsed time spent in this place.
 B = Non-inter-level travel time spent in this place.
 C = Inter-level travel time spent in this place.
 D = Time resting spent in this place.
 E = Time spent auto-exploring this place.
 F = Levels seen in this place.
 G = Mean time per level.
                   A        B        C        D        E       F      G
               +--------+--------+--------+--------+--------+-----+--------+
         Total |  10895 |  10571 |    324 |      2 |   7280 |  16 |  680.9 |
       Dungeon |  10200 |   9916 |    284 |      2 |   7141 |  13 |  784.6 |
        Temple |    188 |    148 |     40 |      0 |    139 |   1 |  188.0 |
        Bailey |     93 |     93 |      0 |      0 |      0 |   1 |   93.0 |
      Gauntlet |    412 |    412 |      0 |      0 |      0 |   1 |  412.0 |
               +--------+--------+--------+--------+--------+-----+--------+

Top non-repeatable levels by time:
     D:5: 1176 daAuts
     D:9: 1073 daAuts
     D:3: 980 daAuts
     D:2: 937 daAuts
     D:8: 871 daAuts
    D:12: 814 daAuts
     D:7: 794 daAuts
     D:1: 759 daAuts
    D:11: 698 daAuts
     D:6: 654 daAuts
     D:4: 641 daAuts
    D:10: 441 daAuts
Gauntlet: 412 daAuts
    D:13: 356 daAuts
  Temple: 188 daAuts
